 Dungeon Crawl Stone Soup version 0.26-a0-812-g31a745ddcd (webtiles) character file.

Game seed: 2664717152035485634

1185 Lanoc the Reanimator (level 8, 0/62 HPs)
             Began as a Deep Dwarf Necromancer on Nov 24, 2020.
             Was an Initiate of Hepliaklqana.
             Slain by a gnoll sergeant
             ... wielding a +6 trident of freezing
              (6 damage)
             ... on level 5 of the Dungeon.
             The game lasted 00:11:57 (4909 turns).

Lanoc the Reanimator (Deep Dwarf Necromancer)       Turns: 4909, Time: 00:11:58

Health: 0/62       AC:  5    Str: 10    XL:     8   Next: 19%
Magic:  11/17 (8)  EV: 15    Int: 18    God:    Hepliaklqana [......]
Gold:   236        SH:  0    Dex: 11    Spells: 2/10 levels left

rFire    . . .     SeeInvis .   v - +4 short sword (drain)
rCold    . . .     Faith    .   (no shield)
rNeg     . . .     Spirit   .   a - +0 robe
rPois    .         Reflect  .   (no helmet)
rElec    .         Harm     .   (no cloak)
rCorr    .         Rampage  .   w - +0 pair of gloves {archery}
MR       ++...                  (no boots)
Stlth    ++........             (no amulet)
HPRegen  0.00/turn              t - ring of magical power
MPRegen  0.15/turn              e - ring of protection from magic

@: non-regenerating
A: damage resistance, heal wounds, reduced essence, icy blue scales 1, clumsy 1,
sense surroundings 1, robust 1, weak 1, no regeneration
a: Heal Wounds, Recall Ancestor, Ancestor Identity, Renounce Religion


You were on level 5 of the Dungeon.
You worshipped Hepliaklqana.
Hepliaklqana was noncommittal.
You visited 2 branches of the dungeon, and saw 6 of its levels.
You also visited: Ossuary.

You collected 236 gold pieces.

Inventory:

Hand Weapons
 v - a +4 short sword of draining (weapon)
Armour
 a - a +0 robe (worn)
 w - a +0 pair of gloves of archery (worn)
Jewellery
 d - a +6 ring of strength
 e - a ring of protection from magic (right hand)
 t - a ring of magical power (left hand)
Wands
 b - a wand of flame (13)
 g - a wand of paralysis (7)
Scrolls
 f - 3 scrolls of remove curse
 h - a scroll of immolation
 j - 5 scrolls of identify
 n - a scroll of amnesia
 r - a scroll of magic mapping {unknown}
Potions
 c - 2 potions of degeneration {unknown}
 i - a potion of curing {unknown}
 k - a potion of resistance {unknown}
 l - 2 potions of berserk rage {unknown}
 m - 2 potions of mutation
 o - a potion of brilliance
 p - 2 potions of flight {unknown}
 q - a potion of heal wounds
 s - a potion of cancellation {unknown}
 u - a potion of lignification {unknown}


   Skills:
 + Level 6.4 Dodging
 - Level 2.4 Stealth
 - Level 1.7 Spellcasting
 * Level 9.8 Necromancy


You had 2 spell levels left.
You knew the following spells:

 Your Spells              Type           Power        Failure   Level
a - Pain                  Necr           ####         1%          1
b - Vampiric Draining     Necr           #####.....   1%          3
c - Animate Dead          Necr           #####.....   3%          4

Your spell library contained the following spells:

 Spells                   Type           Power        Failure   Level
 Animate Skeleton         Necr           #####.       1%          1
 Shock                    Conj/Air       #...         19%         1
 Swiftness                Air            #.......     28%         2
 Agony                    Necr           #####...     9%          5
 Static Discharge         Conj/Air       #.......     50%         3
 Airstrike                Air            #.........   88%         4
 Lightning Bolt           Conj/Air       #.........   99%         5


Dungeon Overview and Level Annotations

Branches:
Dungeon (5/15)             Temple (1/1) D:4         Ossuary (visited)

Altars:
Cheibriados
Dithmenos
Hepliaklqana
Makhleb
Qazlal
Ru
Uskayaw
Xom
Yredelemnul


Innate Abilities, Weirdness & Mutations

You are resistant to damage.
You can heal yourself by infusing magical energy.
You passively map a small area around you.
You do not regenerate.
Your life essence is reduced to manifest your ancestor. (-10% HP)
You are partially covered in icy blue scales. (AC +2)
You are clumsy. (Dex -2)
You are robust. (+10% HP)
You are weak. (Str -2)


Message History

Casting: Vampiric Draining (safe; 1% risk of failure)
Confirm with . or Enter, or press ? or * to list all spells.
Aiming: Vampiric Draining (safe; 1% risk of failure)
Press: ? - help, Shift-Dir - straight line, f - gnoll
Aim: a gnoll, wielding a +0 flail The gnoll is almost dead.
You feel life coursing into your body. The gnoll sergeant misses you.
The gnoll barely misses you.
The gnoll sergeant blocks Qinisela's attack.
Casting: Vampiric Draining (safe; 1% risk of failure)
Confirm with . or Enter, or press ? or * to list all spells.
Aiming: Vampiric Draining (safe; 1% risk of failure)
Press: ? - help, Shift-Dir - straight line, f/p - gnoll
Aim: a gnoll, wielding a +0 flail (almost dead)
You kill the gnoll!
You feel life coursing into your body.
The gnoll sergeant hits you from afar with a +6 trident of freezing!
* * * LOW HITPOINT WARNING * * *
The gnoll sergeant freezes you!
You die...

#........#...# ####..##
##..........######......### ##
##...........[............#####.
#.........##....................
#............#.............#####
#...#.......#..............# ##
#...#......##..............# #.
##.###....###...)........#.# #.
### ##..## ##.@Rg.....).#.## #.
#..# #..........##..###. ##.##
#..........##..##.. #.##
##........###..##.. ##.#
##.......###..##.. ##.##
#......##..#.##.. #.##
#.....#....#.##.. ##.#
#............##.. ##.##
#............##..


You could see the friendly Qinisela the ancestor and a gnoll sergeant.

Vanquished Creatures
  Grinder (Temple)
  A centaur (D:5)
  A big kobold (D:5)
  3 orc priests
  An orc wizard (D:4)
  3 worker ants
  3 big kobold zombies (Ossuary)
  A mummy (Ossuary)
  3 gnolls (D:5)
  6 adders
  An ufetubus (D:4)
  An ooze (D:5)
  7 adder zombies (Ossuary)
  3 worms
  3 dart slugs
  A leopard gecko (D:3)
  8 orcs
  A ball python (D:1)
  3 giant cockroaches
  3 gnoll zombies (Ossuary)
  12 goblins
  8 hobgoblins
  4 jackals (D:1)
  11 kobolds
  2 quokkas
  3 bats
  3 frilled lizards
  A kobold zombie (Ossuary)
  5 orc zombies (Ossuary)
  3 rats
106 creatures vanquished.

Vanquished Creatures (collateral kills)
  Menkaure (D:4)
  2 water moccasin zombies (Ossuary)
  A bullfrog zombie (D:5)
  A hound (D:5)
  A worker ant (D:5)
  A big kobold zombie (Ossuary)
  A mummy (Ossuary)
  Robin (D:4)
  A gnoll (D:5)
  A howler monkey skeleton (D:4)
  An ufetubus (D:5)
  An orc (D:5)
  2 gnoll zombies (Ossuary)
  A goblin (D:4)
  A hobgoblin (D:4)
  2 kobolds (D:5)
  A kobold zombie (Ossuary)
  2 orc zombies (Ossuary)
22 creatures vanquished.

Vanquished Creatures (others)
  An ancestor (Ossuary)
1 creature vanquished.

Grand Total: 129 creatures vanquished

Notes
Turn   | Place    | Note
-------+----------+-------------------------------------------
     0 | D:1      | Lanoc the Deep Dwarf Necromancer began the quest for the
                  | Orb.
     0 | D:1      | Reached XP level 1. HP: 15/15 MP: 3/3
   133 | D:1      | Reached XP level 2. HP: 14/22 MP: 0/4
   393 | D:1      | Reached skill level 5 in Necromancy
   614 | D:2      | Reached XP level 3. HP: 23/28 MP: 0/5
   622 | D:2      | Learned a level 3 spell: Vampiric Draining
  1538 | D:3      | Reached XP level 4. HP: 30/36 MP: 1/6
  1637 | D:3      | Reached skill level 6 in Necromancy
  2069 | D:3      | Reached XP level 5. HP: 33/42 MP: 2/7
  2775 | D:4      | Noticed Robin
  2791 | D:4      | Gained mutation: You are robust. (+10% HP) [potion of
                  | mutation]
  2791 | D:4      | Gained mutation: You are clumsy. (Dex -2) [potion of
                  | mutation]
  2791 | D:4      | Gained mutation: You are weak. (Str -2) [potion of
                  | mutation]
  2791 | D:4      | Gained mutation: You are partially covered in icy blue
                  | scales. (AC +2) [potion of mutation]
  2888 | D:4      | Found a staircase to the Ecumenical Temple.
  2888 | D:4      | Noticed Grinder
  2897 | Temple   | Entered the Ecumenical Temple
  2909 | Temple   | Killed Grinder
  2909 | Temple   | Reached skill level 7 in Necromancy
  2909 | Temple   | Reached XP level 6. HP: 19/53 MP: 5/7
  3002 | Temple   | Became a worshipper of Hepliaklqana the Forgotten
  3056 | D:4      | Found a sand-covered staircase.
  3078 | Ossuary  | Entered an ossuary
  3173 | Ossuary  | Reached skill level 5 in Dodging
  3205 | Ossuary  | Reached skill level 8 in Necromancy
  3245 | Ossuary  | Reached XP level 7. HP: 47/55 MP: 7/7
  3618 | D:4      | Noticed Menkaure
  3628 | D:4      | Killed Menkaure
  3842 | D:4      | Reached skill level 9 in Necromancy
  4077 | D:4      | Killed Robin
  4266 | D:5      | Entered Level 5 of the Dungeon
  4551 | D:5      | Reached XP level 8. HP: 36/62 MP: 3/8
  4753 | D:5      | Learned a level 4 spell: Animate Dead
  4909 | D:5      | Slain by a gnoll sergeant

Illustrated notes

Levels and vault maps discovered:
D:1:      dpeg_arrival_signposts, layout_basic
D:2:      layout_loops_corners
D:3:      layout_basic
D:4:      layout_cave_pods, minmay_temple_entry_butterflies, enter_ossuary_5,
          corexii_leaking_fountain, uniq_grinder, uniq_menkaure, uniq_robin
D:5:      layout_cave_pods
Temple:   nicolae_temple_figure_zero

Skill      XL: |  1  2  3  4  5  6  7 |
---------------+----------------------+-----
Necromancy     | 5 6 7 8 9 |  9.8
Dodging        | 3 4 5 6 |  6.4
Stealth        | |  2.4
Spellcasting   | |  1.7

Action                   |  1- 3 |  4- 6 |  7- 9 || total
-------------------------+-------+-------+-------++-------
Melee: Unarmed           |    45 |       |       ||    45
       Dagger            |    13 |   118 |    74 ||   205
       Short sword       |       |       |    42 ||    42
 Cast: Pain              |    52 |    29 |       ||    81
       Vampiric Draining |       |    13 |    27 ||    40
 Abil: Heal Wounds       |     1 |     3 |       ||     4
Evoke: Wand              |       |    13 |       ||    13
  Use: Scroll            |     5 |     6 |       ||    11
       Potion            |       |     3 |       ||     3
 Stab: Distracted        |       |     5 |     2 ||     7
       Sleeping          |       |     2 |     1 ||     3
Armor: Robe              |    13 |    29 |    38 ||    80
Dodge: Dodged            |    66 |   103 |   137 ||   306

Table legend: (Time is in decaauts)
 A = Elapsed time spent in this place.
 B = Non-inter-level travel time spent in this place.
 C = Inter-level travel time spent in this place.
 D = Time resting spent in this place.
 E = Time spent auto-exploring this place.
 F = Levels seen in this place.
 G = Mean time per level.
                   A        B        C        D        E       F      G
               +--------+--------+--------+--------+--------+-----+--------+
         Total |   4910 |   4827 |     83 |     79 |   3471 |   7 |  701.4 |
       Dungeon |   4502 |   4419 |     83 |     79 |   3449 |   5 |  900.4 |
        Temple |    118 |    118 |      0 |      0 |      0 |   1 |  118.0 |
       Ossuary |    289 |    289 |      0 |      0 |     22 |   1 |  289.0 |
               +--------+--------+--------+--------+--------+-----+--------+

Top non-repeatable levels by time:
     D:4: 1217 daAuts
     D:3: 1193 daAuts
     D:2: 1096 daAuts
     D:5: 584 daAuts
     D:1: 410 daAuts
 Ossuary: 289 daAuts
  Temple: 118 daAuts
